Cogmind - Beta 15 @@@ ROGUE MODE // 2025.05.29 @ 22:34:52 Player: KeKe Result: Destroyed by G-67 Veteran with Plasma Rifle Performance ------------- Evolutions (6) 3000 Regions Visited (9) 1800 Robots Destroyed (91) 455 Value Destroyed (3991) 3991 Prototype IDs (13) 260 Alien Tech Used (0) 0 Bonus (5371) 5371 TOTAL SCORE: 14877 Bonus ------- High Alert Combat Kills 1168 Follower Combat Kills 2340 Registered with UFD 300 Met Optimus in HQ 500 Built Enhanced Grunts 300 A7 Reached Mainframe 300 Met R17 at Cetus 500 Friendly Fire -37 Cogmind --------- Core Integrity 0/1150 Matter 277/400 Energy 79/100 System Corruption 5% Temperature Cool (38) Movement Walking (120) Location -4/Factory Parts ------- > --- POWER (2) -------- (None) > --- PROPULSION (6) --- Flexi-carbon Leg Myomer Leg > --- UTILITY (8) ------ Medium Matter Pod > --- WEAPON (3) ------- Dispersion Rifle > --- INVENTORY (5) ---- Improved Signal Interpreter System Shield Peak State ------------ > --- POWER ------------ Neutrino Core Particle Reactor > --- PROPULSION ------- Medium Treads Medium Treads Flexi-carbon Leg Thunder Leg Myomer Leg Myomer Leg > --- UTILITY ---------- Advanced Heat Sink Large Storage Unit Advanced Targeting Computer Improved Target Analyzer Layered Heavy Armor Plating Reflective Plating Focal Shield > --- WEAPON ----------- Advanced Variable Charge Gun Advanced KE Penetrator Ripper > --- INVENTORY -------- Improved Treads Medium Treads Carbon-fiber Leg Carbon-fiber Leg Carbon-fiber Leg Impulse Thruster Medium Matter Pod Improved Signal Interpreter Layered Heavy Armor Plating Hacking Suite Improved System Shield Hypervelocity Mass Driver Hypervelocity Mass Driver [Rating: 107] Favorites ----------- Power Light Ion Engine Engine Light Ion Engine Power Core Fission Core Reactor Particle Reactor Propulsion Light Treads Treads Light Treads Leg Flexi-carbon Leg Hover Unit Linear Gravjet Flight Unit Makeshift Flight Unit Utility Large Storage Unit Device Focal Shield Storage Large Storage Unit Processor Improved Target Analyzer Hackware System Shield Protection Improved Medium Armor Plating Weapon Power Maul Energy Gun Advanced Variable Charge Gun Energy Cannon Advanced Plasma Cannon Ballistic Gun Coil Gun Ballistic Cannon Hypervelocity Mass Driver Launcher Heavy Missile Launcher Impact Weapon Power Maul Slashing Weapon Ripper Build | -11 -10 -10 -7 -5 -5 -5 -5 -5 -4 ------- Run | Yrd Mat Sub Scr Fac Ext Cet Arc Hub Fac Slots Evolved 12 | . . . . 10 . . . . 2 Power 1 | . . . . 1 . . . . . Propulsion 4 | . . . . 4 . . . . . Utility 6 | . . . . 5 . . . . 1 Weapon 1 | . . . . . . . . . 1 Parts Attached 93 | 6 4 1 8 9 24 4 1 1 35 Power 6 | 1 . . . . 3 . 1 . 1 Engine 1 | 1 . . . . . . . . . Core 4 | . . . . . 3 . . . 1 Reactor 1 | . . . . . . . 1 . . Propulsion 40 | 2 . . 4 4 11 . . . 19 Treads 11 | 2 . . 2 . 4 . . . 3 Leg 19 | . . . . . 7 . . . 12 Wheel . | . . . . . . . . . . Hover 1 | . . . . 1 . . . . . Flight 9 | . . . 2 3 . . . . 4 Utility 28 | 1 2 . 2 2 10 1 . 1 9 Device 10 | . . . 1 1 5 . . . 3 Storage 5 | 1 1 . 1 . 1 . . . 1 Processor 4 | . 1 . . . 2 . . 1 . Hackware 3 | . . . . 1 . . . . 2 Protection 6 | . . . . . 2 1 . . 3 Artifact . | . . . . . . . . . . Weapon 19 | 2 2 1 2 3 . 3 . . 6 Energy Gun 2 | . . . . . . 1 . . 1 Energy Cannon 1 | . . . . . . 1 . . . Ballistic Gun 7 | 2 1 . 1 1 . 1 . . 1 Ballistic Cannon 4 | . . . . 1 . . . . 3 Launcher 2 | . . 1 . 1 . . . . . Special Weapon . | . . . . . . . . . . Impact Weapon 2 | . 1 . 1 . . . . . . Slashing Weapon 1 | . . . . . . . . . 1 Piercing Weapon . | . . . . . . . . . . Special Melee Weapon . | . . . . . . . . . . Unidentified Prototypes 5 | . . . . . . 3 . . 2 Parts Lost 46 | . . . . 4 5 3 1 . 33 Power 2 | . . . . . . . 1 . 1 Propulsion 24 | . . . . 3 3 1 . . 17 Utility 13 | . . . . 1 2 1 . . 9 Weapon 7 | . . . . . . 1 . . 6 Highest Loss Streak 24 | . . . . 2 3 2 1 . 24 To Critical Strikes . | . . . . . . . . . . Average Backups 9 | . 4 10 14 5 5 9 12 14 11 Power 1 | . . 1 1 1 1 1 1 1 . Propulsion 2 | . . 1 . . 1 5 6 6 5 Utility 3 | . 1 3 7 1 . . 1 3 3 Weapon 2 | . 2 4 3 2 2 1 3 3 2 Tool/Special . | . . . . . . . . . . Unused Backups 21 | . . . 7 4 1 . . 6 3 Power 2 | . . . 1 . 1 . . . . Propulsion 2 | . . . . . . . . 2 . Utility 13 | . . . 4 3 . . . 4 2 Weapon 4 | . . . 2 1 . . . . 1 Tool/Special . | . . . . . . . . . . Average Slot Usage (%) 87 | . 91 100 95 42 77 99 94 94 77 Engine 5 | . 14 14 14 5 . . . . . Core 2 | . . . . . 6 11 3 . 2 Treads 17 | . 28 28 27 . 10 17 17 17 6 Leg 9 | . . . . . 16 17 17 17 19 Flight 1 | . . . . 11 2 . . . . Device 7 | . . . 2 9 12 11 11 11 9 Storage 7 | . 14 14 13 1 1 5 5 5 4 Processor 9 | . 6 14 11 . 7 11 11 11 8 Protection 4 | . . . . . 4 10 11 11 7 Energy Gun 1 | . . . . . . 1 5 5 4 Ballistic Gun 6 | . 25 13 9 2 . 4 5 5 2 Launcher 1 | . . 10 1 . 5 . . . . Impact Weapon 5 | . 2 4 13 4 5 . . . . Peak Build Rating 107 | 6 7 9 18 29 82 92 96 91 107 Average Rating 47 | 4 6 7 15 23 59 83 89 86 86 On Entrance 41 | . 6 7 9 15 29 80 92 91 87 Naked Turns . | . . . . . . . . . . Heaviest Build 92 | 10 26 28 31 28 56 64 65 65 92 Greatest Support 116 | 40 40 40 40 32 68 68 68 68 116 Greatest Overweight (x) 4 | . . . 1 1 4 . . . 2 Average Overweight (x) . | . . . . . . . . . . Largest Inventory Capacity 15 | 8 15 15 15 15 15 15 15 15 15 Average Capacity 12 | 7 10 15 14 6 7 15 15 15 13 Most Carried 15 | 1 8 15 15 14 10 10 15 15 15 Average Carried 10 | . 4 11 14 4 5 9 13 14 11 Final Capacity 15 | 8 15 15 15 5 15 15 15 15 5 Final Carried 15 | . 8 15 15 4 10 10 15 15 2 Class Distribution -------------------- 49% | Mutant 27% | Scavenger-Mutant 14% | Commander-Mutant 3% | Scavenger-Tank Dominant Class ---------------- Mutant | -10/Materials Mutant | -10/Subcaves Mutant | -7/Scraptown Derelict-Mutant | -5/Factory Scavenger-Mutant | -5/Extension Commander-Mutant | -5/Cetus Scavenger-Mutant | -5/Archives Scavenger-Mutant | -5/Hub_04(d) Scavenger-Mutant | -4/Factory Resources | -11 -10 -10 -7 -5 -5 -5 -5 -5 -4 ----------- Run | Yrd Mat Sub Scr Fac Ext Cet Arc Hub Fac Matter Collected 2993 | 103 417 122 120 107 557 192 37 201 1137 Remotely . | . . . . . . . . . . Salvage Created 4554 | . 542 82 . 68 1240 110 168 573 1771 Parts 160 | . 17 6 . . 30 1 8 21 77 Haulers Intercepted 5 | . 1 . . . 1 . . 3 . Recyclers Shooed 2 | . . . . . 2 . . . . Parts Field Recycled . | . . . . . . . . . . Retrieved Matter . | . . . . . . . . . . Parts Self-Destructed 9 | . . 9 . . . . . . . Prevented . | . . . . . . . . . . Kills | -11 -10 -10 -7 -5 -5 -5 -5 -5 -4 ------- Run | Yrd Mat Sub Scr Fac Ext Cet Arc Hub Fac Combat Hostiles Destroyed 61 | . 7 3 . . 15 2 2 4 28 Melee 1 | . . . . . 1 . . . . Guns 21 | . 7 1 . . . . 2 4 7 Cannons 18 | . . . . . . 1 . . 17 AOE 18 | . . 2 . . 12 . . . 4 Classes Destroyed 17 | . 6 1 . 1 3 1 . . 5 Worker 5 | . . . . . 3 . . 1 1 Builder 6 | . 1 . . 2 2 . . 1 . Tunneler 3 | . 1 . . . 2 . . . . Hauler 5 | . 1 . . . 1 . . 3 . Recycler 6 | . 2 . . . 4 . . . . Carrier 1 | . . . . . . . . . 1 Mechanic 1 | . . . . 1 . . . . . Operator 2 | . . . . . 1 . . . 1 Watcher 1 | . 1 . . . . . . . . Swarmer 7 | . . . . . 4 . . 2 1 Saboteur 1 | . . . . . . . . . 1 Grunt 36 | . 7 . . . 11 . . 1 17 Duelist 1 | . . . . . . . . . 1 Sentry 5 | . . . . . . . 2 1 2 Hunter 4 | . . . . . . . . . 4 Programmer 2 | . . . . . . . . . 2 Cetus Guard 2 | . . . . . . 2 . . . Subdweller 3 | . . 3 . . . . . . . Best Kill Streak 10 | . 2 2 . 3 5 2 1 3 10 Combat Bots Only 10 | . 2 2 . . 4 2 1 2 10 Max Kills in Single Turn 5 | . 1 1 . 1 5 1 1 1 4 Gunslinging . | . . . . . . . . . . Exploded 4 | . . 1 . . 4 . . . 4 Melee 1 | . . . . . 1 . . . . Uniques/NPCs Destroyed . | . . . . . . . . . . Combat | -11 -10 -10 -7 -5 -5 -5 -5 -5 -4 -------- Run | Yrd Mat Sub Scr Fac Ext Cet Arc Hub Fac Hostile Shots Fired 754 | . 38 9 . 28 52 69 7 19 532 Missed 269 | . 12 2 . 13 19 28 3 7 185 Hits 485 | . 26 7 . 15 33 41 4 12 347 Melee 23 | . . . . . . . . . 23 Projectile 462 | . 26 7 . 15 33 41 4 12 324 Critical Strikes 24 | . 1 . . 1 1 7 . . 14 Damage Taken 8701 | . 337 175 . 163 553 646 93 244 6490 Core 1428 | . 72 . . 23 80 96 . . 1157 Absorbed by Shields 481 | . . . . . 233 248 . . . Ignored by Resistances 728 | . . . . . 55 182 10 37 444 Core Remaining (%) 83 | 100 . . 71 . . . . 80 . Volleys Fired 217 | . 48 10 . 10 21 19 8 31 70 Largest 3 | . 2 2 . 2 1 2 2 2 3 Hottest 352 | . 40 40 . 66 39 131 115 275 352 Shots Fired 400 | . 96 13 . 11 21 30 14 59 156 Gun 276 | . 96 6 . 10 . 13 14 59 78 Cannon 89 | . . . . 1 . 10 . . 78 Launcher 35 | . . 7 . . 21 7 . . . Special . | . . . . . . . . . . Kinetic 277 | . 96 6 . 11 . 13 8 30 113 Thermal 88 | . . . . . . 10 6 29 43 Explosive 35 | . . 7 . . 21 7 . . . Electromagnetic . | . . . . . . . . . . Robot Hit Streak 20 | . 18 13 . 16 4 6 3 16 20 Robot Miss Streak 3 | . 2 . . 2 2 2 1 3 3 Penetration Max 1 | . . . . . . . 1 1 1 Secondary Targets 3 | . 1 . . . . . 1 1 . Max Gunslinging Chain 1 | . 1 . . . . . 1 1 . Shots Hit Robots 304 | . 78 11 . 8 39 16 9 42 101 Core Hits 164 | . 31 5 . 1 38 20 4 16 49 Critical Kills 22 | . . . . . 1 1 . 2 18 Critical Parts Destroyed 39 | . 3 . . . 6 . 2 5 23 Critical Strikes 69 | . 3 . . . 8 1 3 8 46 Meltdown 1 | . . . . . . 1 . . . Destroy 58 | . 1 . . . . . 3 8 46 Smash 10 | . 2 . . . 8 . . . . Melee Attacks 85 | . 3 6 . 8 62 . . . 6 Impact 79 | . 3 6 . 8 62 . . . . Slashing 6 | . . . . . . . . . 6 Piercing . | . . . . . . . . . . Sneak Attacks 15 | . 3 . . 3 9 . . . . Combat Hostiles . | . . . . . . . . . . Follow-up Attacks . | . . . . . . . . . . Damage Inflicted 11424 | . 760 361 . 363 4353 890 349 1313 3035 Guns 4170 | . 649 54 . 76 . 182 349 1313 1547 Cannons 1173 | . . . . . . 267 . . 906 Explosions 3921 | . . 307 . . 2628 441 . . 545 Melee 2158 | . 111 . . 287 1725 . . . 35 Ramming 2 | . . . . . . . . . 2 Kinetic 3535 | . 649 54 . 76 . 182 216 687 1671 Thermal 2353 | . . . . . . 267 133 626 1327 Explosive 3376 | . . 307 . . 2628 441 . . . Electromagnetic . | . . . . . . . . . . Impact 2123 | . 111 . . 287 1725 . . . . Slashing 35 | . . . . . . . . . 35 Piercing . | . . . . . . . . . . Highest Corruption 5 | . . . . . . . . 3 5 Average Corruption 2 | . . . . . . . . 2 2 Corruption Purged . | . . . . . . . . . . Corruption Blocked . | . . . . . . . . . . Effects 15 | . . . . . . . . 4 11 Message Errors 2 | . . . . . . . . . 2 Matter Fused 5 | . . . . . . . . 1 4 Heat Flow Errors 4 | . . . . . . . . 2 2 Energy Discharges 2 | . . . . . . . . . 2 Data Loss (major) 2 | . . . . . . . . 1 1 Overload Shots 9 | . . . . . . . . 1 8 Overflow Damage 1145 | . 91 . . 187 816 . . . 51 Projectiles . | . . . . . . . . . . Explosions 99 | . . . . . 51 . . . 48 Melee 1046 | . 91 . . 187 765 . . . 3 Knockbacks 14 | . . . . 2 6 . . . 6 Impact 7 | . . . . 2 5 . . . . Kinetic 6 | . . . . . . . . . 6 Secondary 1 | . . . . . 1 . . . . Self-Inflicted Damage 22 | . . 21 . . . . . . 1 Shots 1 | . . 1 . . . . . . . Rammed 1 | . . . . . . . . . 1 Targets Rammed 1 | . . . . . . . . . 1 Kicked . | . . . . . . . . . . Crushed . | . . . . . . . . . . Highest Temperature 360 | . 18 . . 1 . 79 8 177 360 Average Temperature 88 | . 8 . . 1 . 41 8 76 111 Received Heat Transfer 1549 | . 213 18 . 36 136 61 18 . 1067 Siege Activations . | . . . . . . . . . . Martial Activations . | . . . . . . . . . . Shielding Activations . | . . . . . . . . . . Robots Disrupted . | . . . . . . . . . . Combat Hostiles . | . . . . . . . . . . Robots Corrupted 9 | . 1 . . 3 5 . . . . Combat Hostiles 2 | . . . . . 2 . . . . Parts Fried 19 | . 5 . . 4 10 . . . . Impact Corruptions 30 | . 5 . . 8 17 . . . . Robots Melted 1 | . . . . . . 1 . . . Combat Hostiles 1 | . . . . . . 1 . . . Parts Melted 6 | . . . . . 1 2 1 1 1 Heat Transferred 2665 | . . . . . . 400 185 864 1216 Parts Sabotaged 3 | . . . . . . . . . 3 Parts Stolen . | . . . . . . . . . . Parts Stripped . | . . . . . . . . . . Power Chain Reactions . | . . . . . . . . . . Alert | -11 -10 -10 -7 -5 -5 -5 -5 -5 -4 ------- Run | Yrd Mat Sub Scr Fac Ext Cet Arc Hub Fac Maximum Alert Level 4 | . . . . . 4 3 2 3 3 Low Security (%) 31 | 100 100 . . 100 33 . . 18 . Level 1 12 | . . . . . 20 . 88 13 . Level 2 20 | . . . . . 26 5 11 44 30 Level 3 33 | . . . . . 17 94 . 23 69 Level 4 1 | . . . . . 3 . . . . Level 5 . | . . . . . . . . . . High Security . | . . . . . . . . . . Max Security . | . . . . . . . . . . Peak Influence 1225 | . 90 . . 106 1225 849 410 1013 1064 Initial 680 | . . . . . 46 680 289 98 484 Average 468 | . 29 . . 36 396 766 345 554 789 Influence Increases 5536 | . 249 . . 220 1944 379 211 1177 1356 Destroy 0b10 Robot/C 2180 | . 140 . . . 860 160 80 340 600 Destroy 0b10 Robot/NC 195 | . 30 . . 15 80 10 . 45 15 Destroy Leader 370 | . 34 . . . 102 . . 94 140 Allied During Kill 1381 | . . . . . 603 142 80 464 92 Successful Hack 54 | . . . . . 45 9 . . . Disable Machine 330 | . . . . 15 30 . 45 135 105 Destroy Structure 456 | . . . . 10 224 58 6 84 74 Partial Spotted 15 | . . . . . . . . 15 . Lose Combat Pursuer 555 | . 45 . . 180 . . . . 330 Influence Decreases 4518 | . 221 28 . 124 824 872 654 468 1327 Entered New Map 1721 | . . 14 . . 50 536 434 182 505 Time Decay 2015 | . 221 14 . 102 544 286 150 246 452 Lost Part 442 | . . . . 22 50 30 10 . 330 Lost Ally 340 | . . . . . 180 20 60 40 40 Squads Dispatched 27 | . 1 . . 3 6 . . 7 10 Investigation 8 | . 1 . . 3 2 . . . 2 Extermination 1 | . . . . . . . . 1 . Reinforcement 9 | . . . . . 4 . . 4 1 Assault 4 | . . . . . . . . . 4 Garrison 5 | . . . . . . . . 2 3 Intercept . | . . . . . . . . . . Searches Triggered . | . . . . . . . . . . Construction Impeded 2 | . . . . . 2 . . . . Haulers Reinforced 1 | . . . . . . . . 1 . Active Scanning Responses . | . . . . . . . . . . Cargo Convoy Interrupts . | . . . . . . . . . . Stealth | -11 -10 -10 -7 -5 -5 -5 -5 -5 -4 --------- Run | Yrd Mat Sub Scr Fac Ext Cet Arc Hub Fac Distress Signals 11 | . 1 . . . 2 2 . 1 5 Communications Jammed . | . . . . . . . . . . Distress Signals . | . . . . . . . . . . Times Spotted 188 | . 14 3 . 14 38 9 13 21 76 Peak Tracking Total 12 | . 4 2 . 6 5 5 1 4 12 Tactical Retreats 16 | . 3 . . 4 . . . . 9 Traps | -11 -10 -10 -7 -5 -5 -5 -5 -5 -4 ------- Run | Yrd Mat Sub Scr Fac Ext Cet Arc Hub Fac Traps Triggered 5 | . . . . 1 1 . . 2 1 Indirectly . | . . . . . . . . . . Trap Hack Attempts . | . . . . . . . . . . Triggered . | . . . . . . . . . . Disarmed . | . . . . . . . . . . Reprogrammed . | . . . . . . . . . . Reused . | . . . . . . . . . . Traps Extracted . | . . . . . . . . . . Installed . | . . . . . . . . . . Triggered . | . . . . . . . . . . Most Traps Carried 1 | . . 1 1 . . . . . . Machines | -11 -10 -10 -7 -5 -5 -5 -5 -5 -4 ---------- Run | Yrd Mat Sub Scr Fac Ext Cet Arc Hub Fac Machines Disabled 23 | . . . . 1 3 . 3 9 7 Max in Single Turn 6 | . . . . 1 . . 1 1 6 Garrison Access 1 | . . . . . . . . . 1 Machines Repaired . | . . . . . . . . . . Machines Dismantled . | . . . . . . . . . . Machines Sabotaged . | . . . . . . . . . . Overloaded Fab Kills . | . . . . . . . . . . Hacking | -11 -10 -10 -7 -5 -5 -5 -5 -5 -4 --------- Run | Yrd Mat Sub Scr Fac Ext Cet Arc Hub Fac Machines Accessed 31 | . . . 6 4 9 3 1 3 5 Terminals 15 | . . . . 1 8 3 . 2 1 Fabricators . | . . . . . . . . . . Repair Stations . | . . . . . . . . . . Recycling Units 6 | . . . . 3 1 . . . 2 Scanalyzers . | . . . . . . . . . . Garrison Access 3 | . . . . . . . . 1 2 Total Hacks 99 | . . . 35 6 14 8 25 3 8 Successful 76 | . . . 35 2 7 4 25 . 3 Failed 23 | . . . . 4 7 4 . 3 5 Catastrophic 7 | . . . . . 2 1 . 2 2 Database Lockouts . | . . . . . . . . . . Manual 26 | . . . . 6 9 2 2 3 4 Terminals 26 | . . . . 2 13 8 . 2 1 Fabricators . | . . . . . . . . . . Repair Stations . | . . . . . . . . . . Recycling Units 8 | . . . . 4 1 . . . 3 Scanalyzers . | . . . . . . . . . . Garrison Access 5 | . . . . . . . . 1 4 Terminal Hacks 68 | . . . 35 . 4 4 25 . . Record 59 | . . . 31 . . 3 25 . . Robot Analysis 3 | . . . 3 . . . . . . Open Door 5 | . . . . . 4 1 . . . Proto ID Catalog 1 | . . . 1 . . . . . . Fabricator Hacks . | . . . . . . . . . . Repair Station Hacks . | . . . . . . . . . . Recycling Unit Hacks . | . . . . . . . . . . Scanalyzer . | . . . . . . . . . . Garrison Access Hacks 1 | . . . . . . . . . 1 Seal Access 1 | . . . . . . . . . 1 Unauthorized Hacks 7 | . . . . 2 3 . . . 2 Terminals 2 | . . . . . 2 . . . . Botnet 2 | . . . . . 2 . . . . Fabricators . | . . . . . . . . . . Repair Stations . | . . . . . . . . . . Recycling Units 5 | . . . . 2 1 . . . 2 Fedlink 5 | . . . . 2 1 . . . 2 Scanalyzers . | . . . . . . . . . . Garrison Access . | . . . . . . . . . . Data Cores Recovered 1 | . . . . . . . . . 1 Used . | . . . . . . . . . . Hacking Detections 15 | . . . . 2 5 3 . 3 2 Full Trace Events 2 | . . . . 1 1 . . . . Feedback Events . | . . . . . . . . . . Feedback Blocked . | . . . . . . . . . . Robot Schematics Acquired . | . . . . . . . . . . Robots Built . | . . . . . . . . . . Authchips . | . . . . . . . . . . Time . | . . . . . . . . . . Total Robot Build Rating . | . . . . . . . . . . Part Schematics Acquired . | . . . . . . . . . . Parts Built . | . . . . . . . . . . Authchips . | . . . . . . . . . . Time . | . . . . . . . . . . Total Part Build Rating . | . . . . . . . . . . Parts Repaired . | . . . . . . . . . . Time . | . . . . . . . . . . Parts Recycled . | . . . . . . . . . . Recycled Matter . | . . . . . . . . . . Retrieved Matter . | . . . . . . . . . . Retrieved Components . | . . . . . . . . . . Parts Scanalyzed . | . . . . . . . . . . Part Schematics Acquired . | . . . . . . . . . . Parts Damaged . | . . . . . . . . . . Bothacking | -11 -10 -10 -7 -5 -5 -5 -5 -5 -4 ------------ Run | Yrd Mat Sub Scr Fac Ext Cet Arc Hub Fac Used RIF Installer . | . . . . . . . . . . Robots Hacked . | . . . . . . . . . . Non-combat . | . . . . . . . . . . Combat . | . . . . . . . . . . Robot Hacks Applied . | . . . . . . . . . . Relay Couplers Released 3 | . . . . . . . . . 3 Programmers 3 | . . . . . . . . . 3 Fabnet Peak Effective % . | . . . . . . . . . . Robots Rewired 18 | . . . . . 18 . . . . Allies Hacked . | . . . . . . . . . . Hacks Repelled . | . . . . . . . . . . Allies | -11 -10 -10 -7 -5 -5 -5 -5 -5 -4 -------- Run | Yrd Mat Sub Scr Fac Ext Cet Arc Hub Fac Total Allies 28 | . . . . . 23 5 . . . Largest Group 12 | . . . . . 12 12 12 7 3 Highest-Rated Group 798 | . . . . . 470 798 795 550 253 Highest-Rated Ally 159 | . . . . . 159 152 149 96 96 Total Orders . | . . . . . . . . . . Ally Attacks 462 | . . . . . 260 59 35 86 22 Total Damage 11933 | . . . . . 5467 2115 998 2707 646 Kills 67 | . . . . . 37 8 2 18 2 Allies Corrupted 2 | . . . . . . . . 1 1 Allies Melted . | . . . . . . . . . . Intel | -11 -10 -10 -7 -5 -5 -5 -5 -5 -4 ------- Run | Yrd Mat Sub Scr Fac Ext Cet Arc Hub Fac Active Infowar (turns) 585 | . . . 335 250 . . . . . Seismic 585 | . . . 335 250 . . . . . Robot Analysis Total 3 | . . . 3 . . . . . . Derelict Logs Recovered 2 | . . . 2 . . . . . . Drone Launches . | . . . . . . . . . . Drone Recoveries . | . . . . . . . . . . Exploration | -11 -10 -10 -7 -5 -5 -5 -5 -5 -4 ------------- Run | Yrd Mat Sub Scr Fac Ext Cet Arc Hub Fac Turns Passed 7884 | 50 664 292 2260 283 1723 638 305 535 1134 Spaces Moved 4710 | 31 280 127 1460 295 933 423 159 302 700 Core 35 | 7 . . 21 . 3 . . . 4 Treads 1782 | 24 280 127 1340 . 11 . . . . Legs 2224 | . . . . . 830 423 159 302 510 Wheels . | . . . . . . . . . . Hover 87 | . . . . 87 . . . . . Flight 582 | . . . 99 208 89 . . . 186 Fastest Speed 34 | 50 160 160 50 40 40 120 120 120 34 Average Speed 125 | 135 160 160 151 46 119 120 120 120 99 Slowest Speed 260 | 160 160 160 160 145 250 120 120 120 260 Overloaded Moves . | . . . . . . . . . . Propulsion Burnouts . | . . . . . . . . . . Robots Hopped 9 | . . . . . 2 . . . 7 Potential Cave-ins 2 | . . . . . . . . . 2 Cave-ins Triggered . | . . . . . . . . . . Exploration Rate (%) 49 | 3 40 11 89 8 85 95 96 42 22 Regions Visited 9 Branch Regions 6 Pre-discovered Areas 4 | . . . 3 1 . . . . . Known Exits Taken 3 | . . . 1 1 . . . 1 . Unknown Exits Taken 6 | 1 1 1 . . 1 1 1 . . Scrap Searched 6 | . . 1 5 . . . . . . Spaces Dug 24 | . . 1 . 5 7 . . 1 10 Terrain Destroyed 315 | . . 34 . 5 151 83 . 8 34 Melee 18 | . . 1 . 5 7 . . . 5 Projectile 28 | . . . . . . 2 . 8 18 AOE 269 | . . 33 . . 144 81 . . 11 Terrain Rammed . | . . . . . . . . . . Walls Destroyed . | . . . . . . . . . . Machines Disabled . | . . . . . . . . . . Actions | -11 -10 -10 -7 -5 -5 -5 -5 -5 -4 --------- Run | Yrd Mat Sub Scr Fac Ext Cet Arc Hub Fac Total 6131 | 37 410 191 1521 410 1380 520 259 419 984 Wait 588 | . 67 38 1 82 59 69 85 69 118 Move 4685 | 30 279 126 1459 294 928 422 158 301 688 Hop 7 | . . . . . 2 . . . 5 Pick Up 83 | 1 8 7 26 . 10 3 5 9 14 Fast Attach 43 | 5 1 . 5 4 19 . 1 . 8 Attach 42 | 1 . . 4 6 2 3 . 1 25 Detach 3 | . . . . 1 . . . . 2 Swap 39 | . 3 4 3 2 3 4 . . 20 Drop 60 | . 1 . 23 3 9 . 2 8 14 Fire 217 | . 48 10 . 10 21 19 8 31 70 Melee 85 | . 3 6 . 8 62 . . . 6 Ram 1 | . . . . . . . . . 1 Kick . | . . . . . . . . . . Crush . | . . . . . . . . . . Escape Stasis 18 | . . . . . 5 . . . 13 Rewire 260 | . . . . . 260 . . . . Trap . | . . . . . . . . . . Miscellaneous . | . . . . . . . . . . Route ------- -11/Scrapyard -10/Materials (discovered 3 exits: [*Mat] / [*Min] / [*Sub]) -10/Subcaves -7/Scraptown (discovered 2 exits: *Fac x2) -5/Factory (discovered 8 exits: Fac x4 / Upp x2 / *Ext x2) -5/Extension (discovered 2 exits: *Fac / *Cet) -5/Cetus (discovered 3 exits: *Fac x2 / *Arc) -5/Archives (discovered 3 exits: *Fac / *Hub x2) -5/Hub_04(d) -4/Factory History --------- Turn | Location | Event 6 | -11/Scrapyard | Discovered new exit (range 16) 51 | -11/Scrapyard | Entered Materials 300 | -10/Materials | Build established: Mutant 366 | -10/Materials | Discovered new exit (range 5) 388 | -10/Materials | Discovered new exit (range 14) 705 | -10/Materials | Discovered new exit (range 7) 715 | -10/Materials | Entered Subcaves 716 | -10/Subcaves | Approached by a straggling Scientist 899 | -10/Subcaves | Shifting Twisted Machinery released Sub. Optics 905 | -10/Subcaves | Shifting Twisted Machinery released Piercing Trap 1001 | -10/Subcaves | Scientist uncovered a shortcut to Scraptown 1007 | -10/Subcaves | Entered Scraptown 1365 | -7/Scraptown | Discovered new exit (range 13) 1389 | -7/Scraptown | Scanned Subdweller tech in exchange for log data 1392 | -7/Scraptown | Learned Research stockpile data 1394 | -7/Scraptown | Learned Factory emergency access door positions 1464 | -7/Scraptown | Visited Supply Room 1477 | -7/Scraptown | Heard Great Nut preacher, LISTEN AND RECITE! 1499 | -7/Scraptown | Visited Red Mages 1636 | -7/Scraptown | Visited IN-MT5's Study 1924 | -7/Scraptown | Visited Spacefarers 1999 | -7/Scraptown | Visited Assassins FH 2009 | -7/Scraptown | Visited Cyclists 2047 | -7/Scraptown | Visited UFD Registry 2047 | -7/Scraptown | Registered with UFD as "Zerotalker" 2078 | -7/Scraptown | Entered Cyclist Reading Room 2204 | -7/Scraptown | Visited Chapter 10 2252 | -7/Scraptown | Visited Scrapoid Research Area 2318 | -7/Scraptown | Visited Curators Association 2548 | -7/Scraptown | Visited Junk Repository 2608 | -7/Scraptown | Visited Analyses Database 2642 | -7/Scraptown | Visited Supply Room 2659 | -7/Scraptown | Visited Cartography Club 2698 | -7/Scraptown | Found Surveybot 17 Chip 2870 | -7/Scraptown | Learned location of Lower Caves (-6) 2870 | -7/Scraptown | Learned location of Zion (-7) 2870 | -7/Scraptown | Learned 12 Materials zone layouts 2870 | -7/Scraptown | Learned location of Hub_04(d) (-5) 2870 | -7/Scraptown | Learned 20 Factory zone layouts 2870 | -7/Scraptown | Learned 24 Factory zone layouts 2870 | -7/Scraptown | Learned 12 Research zone layouts 2870 | -7/Scraptown | Learned 4 Mines zone layouts 2870 | -7/Scraptown | Learned 4 Recycling zone layouts 2870 | -7/Scraptown | Learned 16 Lower Caves zone layouts 2870 | -7/Scraptown | Learned 24 Proximity Caves zone layouts 2870 | -7/Scraptown | Learned Materials emergency access door positions 2870 | -7/Scraptown | Learned location of 2 exits from Factory 2870 | -7/Scraptown | Learned location of 3 exits from Factory 2870 | -7/Scraptown | Identified exit to Factory 3000 | -7/Scraptown | Visited Derelict Rescue Squad 3013 | -7/Scraptown | Found DRS Beacon 3054 | -7/Scraptown | Visited Science Guys 3176 | -7/Scraptown | Met Optimus 3176 | -7/Scraptown | Accepted into 0bPrime 3253 | -7/Scraptown | Civil war broke out across Scraptown 3267 | -7/Scraptown | Entered Factory 3267 | -5/Factory | Evolved 10 slots: Power x1, Propulsion x4, Utility x5 3268 | -5/Factory | Identified exit to Factory 3268 | -5/Factory | Identified exit to Upper Caves 3269 | -5/Factory | Identified exit to Extension 3355 | -5/Factory | Loaded intel: 8 recycling unit locations 3370 | -5/Factory | Learned location of Protoforge (-3) 3550 | -5/Factory | Entered Extension 3625 | -5/Extension | Rescued a captive Derelict 3626 | -5/Extension | Rescued a captive Derelict 4126 | -5/Extension | Rescued A7 4142 | -5/Extension | Lost 3 parts (1n2u) 4167 | -5/Extension | Build established: Commander-Mutant 4178 | -5/Extension | Spotted B-75 Beast 4211 | -5/Extension | Spotted B-75 Beast 4217 | -5/Extension | Allies destroyed B-75 Beast 4234 | -5/Extension | Allies destroyed B-75 Beast 4260 | -5/Extension | Lost 7 allies 4272 | -5/Extension | Loaded intel: 1 recycling unit location 4485 | -5/Extension | Build established: Scavenger-Mutant 4633 | -5/Extension | Rescued a captive Derelict 4664 | -5/Extension | Rescued a captive Derelict 4753 | -5/Extension | Discovered exit to Factory (range 10) 4754 | -5/Extension | Discovered new exit (range 6) 4850 | -5/Extension | Disrupted transfer network 4875 | -5/Extension | Build established: Commander-Mutant 5198 | -5/Extension | Build established: Scavenger-Mutant 5273 | -5/Extension | Entered Cetus 5273 | -5/Cetus | Accompanied by 8 allies (A7) 5278 | -5/Cetus | Acquired a Cetus Manufacturing Module code from A7 5288 | -5/Cetus | Spotted Cetus Guard 5289 | -5/Cetus | Spotted Cetus Guard 5300 | -5/Cetus | Allies destroyed Cetus Guard 5300 | -5/Cetus | Spotted Cetus Guard 5303 | -5/Cetus | Spotted Cetus Guard 5313 | -5/Cetus | Allies destroyed Cetus Guard 5314 | -5/Cetus | Allies destroyed Cetus Guard 5319 | -5/Cetus | Allies destroyed Cetus Guard 5392 | -5/Cetus | Started Cetus Manufacturing Module 5409 | -5/Cetus | Escorted A7 to Cetus Mainframe 5417 | -5/Cetus | Manufactured an Enhanced Grunt 5442 | -5/Cetus | Manufactured an Enhanced Grunt 5467 | -5/Cetus | Manufactured an Enhanced Grunt 5492 | -5/Cetus | Manufactured an Enhanced Grunt 5517 | -5/Cetus | Manufactured an Enhanced Grunt 5548 | -5/Cetus | Discovered new exit (range 16) 5572 | -5/Cetus | Spotted Cetus Guard 5573 | -5/Cetus | Spotted Cetus Guard 5575 | -5/Cetus | Spotted Cetus Guard 5576 | -5/Cetus | Spotted Cetus Guard 5593 | -5/Cetus | Allies destroyed Cetus Guard 5593 | -5/Cetus | Destroyed Cetus Guard 5595 | -5/Cetus | Allies destroyed Cetus Guard 5603 | -5/Cetus | Destroyed Cetus Guard 5611 | -5/Cetus | Discovered exit to Factory (range 15) 5617 | -5/Cetus | Met Revision 17 5742 | -5/Cetus | Discovered exit to Factory (range 16) 5762 | -5/Cetus | Build established: Commander-Mutant 5911 | -5/Cetus | Entered Archives 5911 | -5/Archives | Accompanied by 12 allies (A7) 5917 | -5/Archives | Received a hacking code to weaken MAIN.C 5964 | -5/Archives | Unable to access archive contents 5966 | -5/Archives | Discovered new exit (range 15) 5975 | -5/Archives | Lost 3 allies 5976 | -5/Archives | Unable to access archive contents 6016 | -5/Archives | Discovered new exit (range 15) 6048 | -5/Archives | Unable to access archive contents 6050 | -5/Archives | Discovered exit to Factory (range 15) 6216 | -5/Archives | Entered Hub_04(d) 6216 | -5/Hub_04(d) | Accompanied by 7 allies 6253 | -5/Hub_04(d) | Build established: Scavenger-Mutant 6285 | -5/Hub_04(d) | Disrupted transfer network 6346 | -5/Hub_04(d) | Garrison activated, responded to threat 6612 | -5/Hub_04(d) | Garrison activated, responded to threat 6622 | -5/Hub_04(d) | Discovered exit to Factory (range 16) 6751 | -5/Hub_04(d) | Entered Factory 6751 | -4/Factory | Accompanied by 3 allies 6751 | -4/Factory | Evolved 2 slots: Utility x1, Weapon x1 7142 | -4/Factory | Spotted B-86 Titan 7176 | -4/Factory | Allies destroyed B-86 Titan 7198 | -4/Factory | Loaded intel: 8 recycling unit locations 7208 | -4/Factory | Garrison activated, responded to threat 7251 | -4/Factory | First assault squad dispatched 7543 | -4/Factory | Lost 4 parts (2n1u1w) 7547 | -4/Factory | Destroyed 10 combat bots 7690 | -4/Factory | Core integrity fell below 50% 7700 | -4/Factory | Core integrity fell below 20% 7747 | -4/Factory | Lost 24 parts (1p11n8u4w) 7885 | -4/Factory | Destroyed by G-67 Veteran with Plasma Rifle Last Messages --------------- 07852_ Field strength at 79. 07855_ Field strength at 72. 07856_ Field strength at 65. 07857_ Field strength at 58. 07858_ Field strength at 51. 07859_ Field strength at 44. 07860_ Field strength at 37. 07861_ Field strength at 30. 07862_ Field strength at 23. 07863_ Field strength at 16. 07864_ Field strength at 9. 07865_ Field strength at 2. 07866_ Stasis field depleted. 07866_ Slug penetrates Wall. 07869_ W-44 Eye sends out distress signal. 07883_ Field Propulsion Array destroyed. 07885_ C-30 ARC bursts open, deploying its payload. 07885_ B-60 Warrior unfolds itself. 07885_ G-67 Veteran unfolds itself. 07885_ Critical hit (Burn: +50). Map ----- +----------------------------------------------------+ | ?????????????????????????????????????????????????? | | ?????????????????????????????????????????????????? | | ?????????????????????????????????????????????????? | | ?????????????????????????????????????????????????? | | ?????????????????????????????????????????????????? | | ?????????????????????????????????????????????????? | | ?????????????????????????????????????????????????? | | ?????????????????????????????????????????????????? | | ?????????????????????????????????????????????????? | | ?????????????????????????????????????????????????? | | ????????????????????????? ?????????????????????? | | ????????????????????????? ???????????????????? | | ????????????????????????? ??????????????????? | | ????????????????????????? ??????????????????? | | ????????????????????????? gb#??????????????????? | | ????????????????????"""?? gg#??????????????????? | | ????????????????????"Y"?? #??????????????????? | | ????????????????????"?"?# #??????????????????? | | ????????????????????????# #??? ????????????? | | ????????????????????????# #??? ????????????? | | ????????????????????????# #?? ?????????????? | | ????????????????????????# #? ??????????????? | | ????????????????????????# # ???????????????? | | ????????????????????????# # ????????????????? | | ????????????????????????# + ?????????????????? | | ????????????????????????#@ #??????????????????? | | ????????????????????????# #??????????????????? | | ????????????????????????# #????????????????### | | ????????????????????????# #????????????????# | | ????????????????????????# #????????????????# | | ????????????????????????# #????????????????# | | ????????????????????????# #????????????????# | | ????????????????????????# +????????????????# | | ????????????????????????# #????????????????# | | ???????????????"Y"??????# #????????????????# | | ???????????????"""?????######p#????????????????# | | ???????????????????????# # #????????????????# | | ???????????""??????????# +p#????????????????# | | ???????????Y"??????????# # #????????????????# | | ???????????""??????????# ??# #############????# | | ???????????????????????#????# #????### | | ????????????????????????????####+######## #????### | | ??????????????????????????????? ??????# #????# | | ??????????????????????????????? ""??????# #????# | | ?????????????????????????????? "" ?????# #????# | | ?????????????????????????????? T" ?????# ###### | | ?????????????????????????????# "" #????# " | | ?????????????????????????????# "" #????######## | | ?????????????????????????????# ?? #???????????# | | ?????????????????????????????# "???#???????????# | +----------------------------------------------------+ Best States ------------- Heat Dissipation 100 Energy Generation 37 Energy Capacity 555 Matter Stores 301 Matter Capacity 400 Sight Range 16 Terrain Scan Density 1210 Armor Coverage 750 Resistance: KI 20 Resistance: TH 10 Evasion (%) 80 Targeting Accuracy 8 Target Analysis 6 Recoil Reduction 3 Offensive Hacking 10 Defensive Hacking 12 Item Schematics ----------------- None Robot Schematics ------------------ None Fabricated ------------ Nothing Repaired ---------- Nothing Alien Tech Used ----------------- None Achievements -------------- Main Advantage Preemptive Strike Project G-00 Revising The Future Challenges ------------ None Game ------ Seed DecoderRelayThrower Manual? 0 Play Time 02:44:47 Cumulative 102.2 hours Start 2025.05.28 @ 22:24:51 End 2025.05.29 @ 22:34:52 Sessions 5 Manual Loads 0 Difficulty Rogue Special Mode None Game No. 97 Rogue 97 Adventurer 0 Explorer 0 Win Type - Total 1 Types 1/0/0/0/0/0/0/0/0/0 Lore% 55 Gallery% 45 Achievement% 46 Wizard Run 0 Options --------- Layout 0 ASCII 0 Keyboard 0 Movement Mouse Keybinds 0 Fullscreen 2 Font 18/X11 Map View 76x50 Zoom Use 0% Tactical HUD 1 Map Filters NONE Filters NONE Steam 1 RUN: b43950ad-09f7-4c21-a53e-002c67c2c853